 Dungeon Crawl Stone Soup version 0.30.1-11-g7821555f0a (webtiles) character file.

Game seed: 9951568882316947208

2821 monsoonserge the Thaumaturge (level 10, 0/67 HPs)
             Began as a Djinni Venom Mage on Dec 4, 2023.
             Was an Initiate of Ashenzari.
             Killed from afar by a gargoyle (11 damage)
             ... with a stone arrow
             ... on level 8 of the Dungeon.
             The game lasted 00:26:59 (7571 turns).

monsoonserge the Thaumaturge (Djinni Venom Mage)    Turns: 7571, Time: 00:26:59

Health: 0/67       AC:  6    Str:  9    XL:     10   Next: 3%
Gold:   356        EV: 12    Int: 22    God:    Ashenzari [......] SH:  0 Dex: 13

rFire   + + .        c - +3 flail of Veceprata {vamp, Str+2}
rCold   . . .        (no shield)
rNeg    . . .        f - +3 leather armour
rPois   ∞            (no helmet)
rElec   .            (no cloak)
rCorr   .            (no gloves)
SInv    .            (boots unavailable)
Will    ++...        (no amulet)
Stlth   ++           q - ring "Per Aspera Ad Scientiam" {Will+, Fort, Melee} (curse)
HPRegen 0.31/turn    K - ring of protection from cold
MPRegen 0.00/turn

%: infuse magic (-1 HP)
@: flying
A: sickness immunity, fire resistance 2, cold vulnerability 1, float, innate
caster, HP casting, extra vitality 1
a: Renounce Religion, Shatter the Chains


You were on level 8 of the Dungeon.
You worshipped Ashenzari.
Ashenzari was noncommittal.
You visited 2 branches of the dungeon, and saw 9 of its levels.

You collected 452 gold pieces.
You spent 96 gold pieces at shops.

Inventory:

Hand Weapons
 c - the +3 flail of Veceprata (weapon) {vamp, Str+2}
   (You found it on level 7 of the Dungeon)

   Str:       It affects your strength (+2).
 G - a +1 falchion of protection
Missiles
 d - 6 poisoned darts
 g - 4 atropa-tipped darts
 j - a curare-tipped dart
Armour
 f - a +3 leather armour (worn)
Magical Staves
 x - a staff of conjuration
Jewellery
 l - a ring of resist corrosion
 q - the cursed ring "Per Aspera Ad Scientiam" (left hand) {Will+, Fort, Melee}
   (You found it on level 2 of the Dungeon)

   [ring of willpower]

   Will:      It increases your willpower.
   It has a curse which improves the following skills: Fortitude: Armour and
   Shields.
   Melee Combat: Short Blades, Long Blades, Axes, Maces & Flails, Polearms,
   Staves and Unarmed Combat.
 D - a ring of ice
 K - a ring of protection from cold (right hand)
Scrolls
 a - a scroll of fog
 b - 7 scrolls of teleportation
 h - 3 scrolls of brand weapon {unknown}
 o - a scroll of enchant weapon
 p - 3 scrolls of torment {unknown}
 y - 2 scrolls of magic mapping
 z - 2 scrolls of silence
 B - 2 scrolls of enchant armour {unknown}
 C - a scroll of fear {unknown}
 E - 2 scrolls of vulnerability
 L - a scroll of poison {unknown}
Potions
 e - 4 potions of curing
 i - 2 potions of brilliance {unknown}
 k - 2 potions of mutation {unknown}
 m - 4 potions of haste {unknown}
 n - 2 potions of lignification {unknown}
 s - 2 potions of berserk rage {unknown}
 t - 4 potions of attraction
 u - 3 potions of resistance
 v - 2 potions of flight {unknown}
 w - a potion of ambrosia {unknown}
 A - a potion of invisibility {unknown}
 F - a potion of degeneration {unknown}
 H - a potion of heal wounds {unknown}
 I - 2 potions of might {unknown}
 J - a potion of magic {unknown}


   Skills:
 * Level 3.3 Fighting
 + Level 0.1(0.9) Short Blades
 - Level 1.4(1.7) Long Blades
 + Level 3.7(4.1) Armour
 + Level 2.7 Dodging
 - Level 2.0 Stealth
 * Level 9.3 Spellcasting


You knew the following spells:

 Your Spells              Type           Power      Damage    Failure   Level
a - Sting                 Tmut/Pois      100%       1d8       1%          1
b - Poisonous Vapours     Pois/Air       100%       N/A       1%          2
c - Mephitic Cloud        Conj/Pois/Air  50%        N/A       1%          3
d - Olgreb's Toxic Radia  Pois           50%        N/A       1%          4
e - Sandblast             Erth           100%       2d20      1%          1
f - Scorch                Fire           100%       2d9       1%          2
g - Dazzling Flash        Conj/Hex       100%       N/A       1%          3
h - Passage of Golubria   Tloc           50%        N/A       1%          4
Your spell library was empty.

Dungeon Overview and Level Annotations

Branches:
Dungeon (8/15)             Temple (1/1) D:6
   Lair: D:8-11

Altars:
Ashenzari
Dithmenos
Gozag
Hepliaklqana
Makhleb
Nemelex Xobeh
Qazlal
Trog
Uskayaw
Wu Jian
Xom
Zin
The Shining One

Shops:
D:2 *

Annotations:
D:6 dig


Innate Abilities, Weirdness & Mutations

You are immune to sickness and miasma.
You are immune to poison.
Your flesh is very heat resistant. (rF++)
You are vulnerable to cold. (rC-)
You float through the air rather than walking.
You learn spells naturally, not from books.
Your magical power is your life essence.
You have superior vitality. (+4 MHP)


Message History

HP restored.
You fly downwards.
There is a stone staircase leading up here.
Found a chain mail.
A gargoyle is nearby!
Casting: Olgreb's Toxic Radiance (dangerous; 1% risk of failure)
Confirm with . or Enter, or press ? or * to list all spells.
Okay, then.
Casting: Olgreb's Toxic Radiance (dangerous; 1% risk of failure)
Confirm with . or Enter, or press ? or * to list all spells.
Okay, then.
Casting: Olgreb's Toxic Radiance (dangerous; 1% risk of failure)
Confirm with . or Enter, or press ? or * to list all spells.
Flames lash the gargoyle.
The gargoyle is moderately damaged.
The gargoyle's fire resistance burns away.
The gargoyle hurls a stone arrow at you.
The stone arrow hits you!!
Casting: Scorch (safe; 1% risk of failure)
Confirm with . or Enter, or press ? or * to list all spells.
Flames lash the gargoyle but do no damage.
Press: ? - help, v - describe, . - travel The floor.
Press: ? - help, v - describe, . - travel
Here: a gargoyle, wielding a +0 morningstar (moderately damaged, more vulnerable to fire)
The floor.
Casting: Scorch (safe; 1% risk of failure)
Confirm with . or Enter, or press ? or * to list all spells.
Flames lash the gargoyle but do no damage.
The gargoyle hurls a stone arrow at you.
The stone arrow hits you!!
* * * LOW HITPOINT WARNING * * *
Unknown command.
You aren't carrying any items that you can evoke.
Blink to where?
Press: ? - help, Dir - move target
As you read the scroll of blinking, it crumbles to dust.
The gargoyle hurls a stone arrow at you.
The stone arrow hits you!
You die...

..................(.........#
................##..........# ...
####........###........... .##...
#.###.........#...##.....##.#...
........#........##....#......#
.....#..#........##....#.#...#
...###..............9....#...##
#..###................§#......#..
#...............@.......#........
###....#..^.)....................
###...###.§.....(.....##.....###
#.......§..[.##.[......#.....#
##......§§..####.......##....#
#......§§...:...[...........#
#..§≈≈≈≈≈§§≈§.#.............#
##§§...§§..§§.#............[.#
##.≈§#.###.≈....###.........##


You could see a gargoyle (combustible).

Vanquished Creatures
  Prince Ribbit (D:7)
  Menkaure (D:6)
  A water moccasin (D:8)
  A sky beast (D:6)
  An orc warrior (D:7)
  An ice beast (D:7)
  4 black bears
  3 centaurs
  A phantom (D:5)
  A kobold brigand (D:6)
  A bullfrog (D:8)
  2 scorpions (D:7)
  7 killer bees (D:8)
  A howler monkey (D:4)
  7 orc priests
  A sleepcap (D:4)
  A hound (D:6)
  4 jellies
  Natasha (thrice) (D:4)
  3 iguanas
  5 orc wizards
  7 gnolls
  2 adders
  A white imp (D:5)
  2 ufetubi
  2 worms
  29 orcs
  7 ball pythons
  3 bats
  6 endoplasms
  7 giant cockroaches
  8 hobgoblins
  3 jackals (D:4)
  9 kobolds
  4 quokkas
  4 frilled lizards
  5 goblins
  4 rats
153 creatures vanquished.

Notes
Turn   | Place    | Note
-------+----------+-------------------------------------------
     0 | D:1      | monsoonserge the Djinni Venom Mage began the quest for the
                  | Orb.
     0 | D:1      | monsoonserge set off with the following spells memorised:
                  | Sting, Poisonous Vapours, Mephitic Cloud, Olgreb's Toxic
                  | Radiance.
     0 | D:1      | Reached XP level 1. HP: 15/15 MP: 0/0
   234 | D:1      | Reached XP level 2. HP: 17/21 MP: 0/0
   413 | D:1      | Reached skill level 3 in Spellcasting
   650 | D:1      | Reached XP level 3. HP: 24/25 MP: 0/0
   650 | D:1      | Learned a level 1 spell: Sandblast
   915 | D:2      | Found Hoafi's Assorted Antiques.
   918 | D:2      | Bought a fuming green potion for 18 gold pieces
   918 | D:2      | Bought a scroll labelled FEVUMO XIFENUN for 21 gold pieces
   918 | D:2      | Bought a scroll labelled BUCAOL LYCIT for 21 gold pieces
  1422 | D:2      | Bought a fuming green potion for 18 gold pieces
  1422 | D:2      | Bought a bubbling yellow potion for 18 gold pieces
  1496 | D:2      | Reached XP level 4. HP: 28/31 MP: 0/0
  1872 | D:3      | Reached skill level 1 in Armour
  2026 | D:3      | Found a faded altar of an unknown god.
  2312 | D:3      | Reached XP level 5. HP: 23/35 MP: 0/0
  2312 | D:3      | Learned a level 2 spell: Scorch
  2573 | D:3      | Found a bloodstained altar of Trog.
  2709 | D:4      | Noticed Natasha
  2719 | D:4      | Killed Natasha
  3059 | D:4      | Reached skill level 4 in Spellcasting
  3059 | D:4      | Reached XP level 6. HP: 31/40 MP: 0/0
  3287 | D:4      | Noticed Natasha
  3292 | D:4      | Killed Natasha
  3319 | D:4      | Noticed Natasha
  3324 | D:4      | Killed Natasha
  3327 | D:4      | Reached skill level 1 in Long Blades
  3669 | D:4      | Noticed a black bear
  3681 | D:4      | Killed a black bear
  3682 | D:4      | Reached skill level 5 in Spellcasting
  3682 | D:4      | Reached XP level 7. HP: 35/46 MP: 0/0
  3682 | D:4      | Learned a level 3 spell: Dazzling Flash
  3729 | D:5      | Entered Level 5 of the Dungeon
  4385 | D:5      | Found a glowing golden altar of the Shining One.
  4672 | D:5      | Reached XP level 8. HP: 41/51 MP: 0/0
  4796 | D:5      | Reached skill level 6 in Spellcasting
  5197 | D:7      | Reached skill level 1 in Fighting
  5780 | D:6      | Found a staircase to the Ecumenical Temple.
  5790 | Temple   | Entered the Ecumenical Temple
  5970 | Temple   | Became a worshipper of Ashenzari the Shackled
  6079 | D:6      | Reached skill level 7 in Spellcasting
  6128 | D:6      | Noticed Menkaure
  6132 | D:6      | Killed Menkaure
  6133 | D:6      | Reached XP level 9. HP: 27/58 MP: 0/0
  6133 | D:6      | Learned a level 4 spell: Passage of Golubria
  6526 | D:7      | Reached skill level 8 in Spellcasting
  6901 | D:7      | Found a stormy altar of Qazlal.
  6902 | D:7      | Noticed Prince Ribbit
  6907 | D:7      | Killed Prince Ribbit
  7205 | D:7      | Identified the +3 flail of Veceprata {vamp, Str+2}
  7377 | D:8      | Reached skill level 9 in Spellcasting
  7444 | D:8      | Reached XP level 10. HP: 33/67 MP: 0/0
  7450 | D:8      | Noticed a gargoyle
  7571 | D:8      | Killed from afar by a gargoyle

Illustrated notes

Levels and vault maps discovered:
D:1:      ncdulo_halloftheorcs, layout_basic, serial_rivers,
          chequers_serial_rivers_micro_e, chequers_serial_rivers_micro_b,
          chequers_serial_rivers_marsh, chequers_serial_rivers_micro_c,
          chequers_serial_rivers_small_a, chequers_serial_rivers_large_a
D:2:      layout_basic, serial_shops, nicolae_shop_tiny_real_fake_doors
D:3:      layout_rooms, nicolae_overflow_ecumenical_swirl, bloody_trog
D:4:      layout_loops_cross, minmay_diced_spiral, uniq_natasha
D:5:      layout_loops_corners, tso_metal_star
D:6:      cheibrodos_quashed, layout_rooms, minmay_temple_entry_wispy,
          serial_corexii_hall, chequers_hall_statues_corner_a,
          corexii_hall_statues_u, uniq_menkaure
D:7:      layout_loops_ring, mainiacjoe_overflow_concentric_impassable,
          david_defended_altar_orc, uniq_prince_ribbit1
D:8:      layout_cave_pools, mainiacjoe_overflow_brackets
Temple:   bh_familiar_temple

Skill      XL: |  1  2  3  4  5  6  7  8  9 |
---------------+----------------------------+-----
Spellcasting   | 3 4 5 7 9 |  9.3
Armour         | 1 2 3 |  3.7
Long Blades    | 1 |  1.4
Stealth        | 2 |  2.0
Fighting       | 2 3 |  3.3
Short Blades   | |  0.1
Dodging        | |  2.7

Action                     |  1- 3 |  4- 6 |  7- 9 | 10-12 || total
---------------------------+-------+-------+-------+-------++-------
  Melee: Rapier            |    34 |     1 |       |       ||    35
         Long sword        |       |    16 |       |       ||    16
         Falchion          |       |    12 |    28 |       ||    40
         Flail             |       |       |     4 |       ||     4
   Cast: Sting             |    46 |    44 |    42 |       ||   132
         Poisonous Vapours |    11 |    22 |    16 |       ||    49
         Mephitic Cloud    |       |     4 |    19 |       ||    23
         Olgreb's Toxic Ra |       |     3 |    22 |       ||    25
         Sandblast         |       |     6 |     6 |       ||    12
         Scorch            |       |    14 |    23 |     3 ||    40
         Dazzling Flash    |       |       |     1 |       ||     1
 Invoke: Curse Item        |       |       |     1 |       ||     1
    Use: Scroll            |       |       |    12 |     1 ||    13
   Stab: Sleeping          |     1 |     2 |     1 |       ||     4
         Confused          |       |       |     5 |       ||     5
 Armour: Leather armour    |    29 |    20 |    13 |       ||    62
         Robe              |     1 |       |       |       ||     1
  Dodge: Dodged            |    37 |    26 |    38 |       ||   101
